 Dungeon Crawl Stone Soup version 0.30-a0-1035-g38d5fb2972 (webtiles) character file.

Game seed: 4586395767718565991

6615 DeathPants the Tainter (level 11, -1/154 HPs)
             Began as a Naga Venom Mage on Apr 8, 2023.
             Was a Follower of Kikubaaqudgha.
             Slain by a boulder beetle (10 damage)
             ... on level 9 of the Dungeon.
             The game lasted 00:36:34 (11315 turns).

DeathPants the Tainter (Naga Venom Mage)           Turns: 11315, Time: 00:36:35

Health: -1/154     AC: 17    Str: 10    XL:     11   Next: 2%
Magic:  1/19       EV: 11    Int: 20    God:    Kikubaaqudgha [*.....]
Gold:   321        SH:  0    Dex: 18    Spells: 10/21 levels left

rFire   + . .      SeeInvis +    b - +9 dagger "Esutoom" {flame, Fragile rElec rF+}
rCold   . . .      Faith    .    (no shield)
rNeg    . . .      Spirit   .    x - +1 steam dragon scales
rPois   +          Reflect  .    z - +2 helmet
rElec   +          Rampage  .    (no cloak)
rCorr   .                        o - +2 pair of gloves
Will    +....                    (no barding) Stlth
                                 (no amulet)
HPRegen 0.45/turn                g - +6 ring of dexterity
MPRegen 0.16/turn                C - +4 ring of protection

@: berserking, quick
A: AC +3, large, see invisible, deformed body, poison resistance, slowness 2,
spit poison 1, naga tail 1
a: Spit Poison, Renounce Religion, Unearth Wretches


You were on level 9 of the Dungeon.
You worshipped Kikubaaqudgha.
Kikubaaqudgha was aware of your devotion.
You visited 2 branches of the dungeon, and saw 10 of its levels.

You collected 628 gold pieces.
You spent 307 gold pieces at shops.

Inventory:

Hand Weapons
 b - the +9 dagger "Esutoom" (weapon) {flame, Fragile rElec rF+}
   (You found it on level 3 of the Dungeon)

   rF:        It protects you from fire.
   rElec:     It insulates you from electricity.
   Fragile:   It will be destroyed if unequipped.
 k - a +2 spectral quarterstaff
 y - a +5 flail of protection
 K - a +2 rapier of venom
Missiles
 d - 20 poisoned darts
 e - 6 curare-tipped darts
 q - a throwing net
 B - 5 javelins
 D - a silver boomerang
Armour
 o - a +2 pair of gloves (worn)
 u - a +2 robe of cold resistance
 x - +1 steam dragon scales (worn)
 z - a +2 helmet (worn)
Jewellery
 c - a ring of ice
 g - a +6 ring of dexterity (left hand)
 C - a +4 ring of protection (right hand)
 L - a ring of protection from cold
Wands
 l - a wand of roots (5)
 A - a wand of paralysis (7)
Scrolls
 j - 4 scrolls of poison
 m - 5 scrolls of teleportation
 n - a scroll of enchant weapon {unknown}
 w - a scroll of fear
 E - 2 scrolls of identify
 G - 2 scrolls of butterflies
 H - a scroll of brand weapon {unknown}
Potions
 a - a potion of cancellation {unknown}
 f - 3 potions of ambrosia
 h - 2 potions of mutation
 i - a potion of might
 p - 2 potions of attraction
 r - 2 potions of heal wounds
 s - 2 potions of curing
 t - 2 potions of lignification
 v - 4 potions of magic
 F - 2 potions of flight
 I - a potion of invisibility


   Skills:
 - Level 8.0 Fighting
 - Level 6.0 Short Blades
 - Level 4.0 Dodging
 - Level 8.0 Stealth
 + Level 5.9 Spellcasting
 - Level 4.0 Conjurations
 - Level 4.0 Translocations
 - Level 1.0 Transmutations
 - Level 4.0 Air Magic
 + Level 8.7 Poison Magic


You had 10 spell levels left.
You knew the following spells:

 Your Spells              Type           Power      Damage    Failure   Level
a - Blink                 Tloc           42%        N/A       3%          2
b - Poisonous Vapours     Pois/Air       62%        N/A       1%          2
c - Mephitic Cloud        Conj/Pois/Air  28%        N/A       3%          3
d - Animate Dead          Necr           5%         N/A       71%         4

Your spell library contained the following spells:

 Spells                   Type           Power      Damage    Failure   Level
 Sting                    Tmut/Pois      100%       1d8       1%          1
 Cigotuvi's Dreadful Rot  Necr/Pois/Air  44%        N/A       2%          2
 Lesser Beckoning         Tloc           42%        N/A       3%          2
 Momentum Strike          Conj/Tloc      42%        3d9       3%          2
 Olgreb's Toxic Radiance  Pois           40%        N/A       3%          4
 Swiftness                Air            21%        N/A       6%          3
 Necrotise                Necr           20%        1d5       11%         1
 Passwall                 Tmut/Erth      5%         N/A       13%         2
 Hailstorm                Conj/Ice       13%        3d5       14%         3
 Portal Projectile        Hex/Tloc       26%        N/A       14%         3
 Ensorcelled Hibernation  Hex/Ice        10%        N/A       16%         2
 Manifold Assault         Tloc           21%        N/A       21%         4
 Call Canine Familiar     Summ           5%         N/A       32%         3
 Vampiric Draining        Necr           5%         2d6       32%         3
 Ice Form                 Ice/Tmut       7%         N/A       65%         4
 Leda's Liquefaction      Hex/Erth       2%         N/A       71%         4
 Simulacrum               Ice/Necr       2%         N/A       100%        6
 Storm Form               Tmut/Air       7%         N/A       100%        7


Dungeon Overview and Level Annotations

Branches:
Dungeon (9/15)             Temple (1/1) D:6            Lair (0/5) D:8
    Orc: D:9-12

Altars:
Cheibriados
Dithmenos
Elyvilon
Fedhas
Hepliaklqana
Kikubaaqudgha
Makhleb
Nemelex Xobeh
Okawaru
Qazlal
Ru
Trog
Uskayaw
Wu Jian
Xom
Yredelemnul
Zin
The Shining One

Shops:
D:7 [   D:8 *   D:9 *

Annotations:
D:7 2 transporters, AstroCodex24's ghost, novice DgFi
D:9 4 runed translucent doors


Innate Abilities, Weirdness & Mutations

Your serpentine skin is tough. (AC +3)
You have supernaturally acute eyesight. (SInv)
Armour fits poorly on your strangely shaped body.
Your system is resistant to poisons. (rPois)
You cover ground very slowly.
You can spit poison.
You have a snake-like lower body.


Message History

The boulder beetle looks as sick as possible!
The boulder beetle closely misses you.
Aiming: Poisonous Vapours (safe; 1% risk of failure)
Press: ? - help, Q - select action, (/) - cycle Dir - move target, f/p - boulder beetle
Aim: a boulder beetle (lightly wounded, extremely poisoned) Poisonous vapours surround the boulder beetle!
The boulder beetle looks as sick as possible!
The boulder beetle bites you but does no damage.
Aiming: Poisonous Vapours (safe; 1% risk of failure)
Press: ? - help, Q - select action, (/) - cycle Dir - move target, f/p - boulder beetle
Aim: a boulder beetle (lightly wounded, extremely poisoned) Poisonous vapours surround the boulder beetle!
The boulder beetle looks as sick as possible!
The boulder beetle bites you but does no damage.
You don't have enough magic to cast this spell.
You don't have enough magic to cast this spell.
You hit the boulder beetle but do no damage.
The boulder beetle is moderately wounded.
The boulder beetle bites you!
* * * LOW HITPOINT WARNING * * *
You hit the boulder beetle but do no damage.
The boulder beetle is moderately wounded.
A red film seems to cover your vision as you go berserk!
You feel yourself moving faster!
You feel mighty! The boulder beetle bites you!
* * * LOW HITPOINT WARNING * * *
You hit the boulder beetle but do no damage.
The boulder beetle is heavily wounded.
The boulder beetle bites you but does no damage.
You hit the boulder beetle but do no damage.
The boulder beetle is heavily wounded.
You puncture the boulder beetle! You burn the boulder beetle.
The boulder beetle is severely wounded.
The boulder beetle bites you but does no damage.
You hit the boulder beetle but do no damage.
The boulder beetle is severely wounded.
You hit the boulder beetle but do no damage.
The boulder beetle is severely wounded.
The boulder beetle bites you!
You die...
Kikubaaqudgha rasps: "You have failed me!
Welcome... death!"

######..## ...8#..#.
##+###...##...# ...!#..#.
....#♣.§.♣#...# ..:#..##
....#♣...♣#..# ..8#....
....#..⌠..#..# ##### ..8##....
#............# ##.).##++##.....
#............# #)##............
#...#..⌠..#..#.####)#.+.#####..[.
#...#♣...♣#..##B@..##............
#...#♣♣∩♣♣##..######.............
....# ♣♣♣ ##...........#####....
....# #######.....# #.... ....#
####..# #.... ....# #..# #....
...[# #..#####....
....##################...........
.................................


You could see a boulder beetle (extremely poisoned).

Vanquished Creatures
  A two-headed ogre (D:9)
  Joseph (D:7)
  A rime drake (D:7)
  A hornet (D:8)
  A polar bear (D:8)
  Sigmund (D:5)
  2 wyverns
  4 yaks (D:7)
  Menkaure (D:7)
  2 steam dragons
  An acid dragon (D:9)
  Edmund (D:5)
  A water moccasin (D:7)
  2 orc warriors
  2 sky beasts (D:7)
  2 ice beasts
  2 black bears (D:5)
  An ogre (D:5)
  2 wolves (D:7)
  4 centaurs
  3 phantoms
  3 kobold brigands
  2 bullfrogs (D:8)
  5 scorpions
  5 killer bees
  2 howler monkeys (D:8)
  2 jellies
  A lava snake (D:8)
  A gnoll bouda (D:8)
  4 hounds
  5 orc priests
  A sleepcap (D:4)
  5 iguanas
  7 orc wizards
  5 adders
  7 gnolls
  A shadow imp (D:6)
  A white imp (D:5)
  2 ufetubi
  A worm (D:5)
  2 dart slugs
  19 orcs
  3 endoplasms
  2 giant cockroaches
  6 goblins
  7 hobgoblins
  3 jackals (D:1)
  15 kobolds
  4 quokkas
  9 ball pythons
  6 bats
  2 frilled lizards (D:3)
  5 rats
179 creatures vanquished.

Vanquished Creatures (others)
  2 plants (D:8)
2 creatures vanquished.

Grand Total: 181 creatures vanquished

Notes
Turn   | Place    | Note
-------+----------+-------------------------------------------
     0 | D:1      | DeathPants the Naga Venom Mage began the quest for the Orb.
     0 | D:1      | Reached XP level 1. HP: 15/15 MP: 3/3
   365 | D:1      | Reached XP level 2. HP: 22/22 MP: 1/5
   387 | D:1      | Learned a level 2 spell: Poisonous Vapours
   390 | D:1      | Learned a level 2 spell: Blink
   682 | D:1      | Reached XP level 3. HP: 28/28 MP: 1/6
   858 | D:1      | Reached skill level 5 in Poison Magic
  1813 | D:2      | Found a faded altar of an unknown god.
  1861 | D:3      | Found a bloodstained altar of Trog.
  2134 | D:3      | Reached skill level 1 in Translocations
  2350 | D:3      | Reached XP level 4. HP: 32/36 MP: 1/8
  2585 | D:3      | Reached skill level 1 in Air Magic
  2745 | D:3      | Identified the +9 dagger "Esutoom" {flame, Fragile rElec
                  | rF+}
  2762 | D:4      | Noticed a scorpion
  2766 | D:4      | Reached XP level 5. HP: 37/42 MP: 9/9
  3099 | D:4      | Reached XP level 6. HP: 49/49 MP: 11/11
  3203 | D:5      | Entered Level 5 of the Dungeon
  3425 | D:4      | Noticed an orc warrior
  3443 | D:4      | Killed an orc warrior
  3444 | D:4      | Reached XP level 7. HP: 17/55 MP: 8/13
  3449 | D:4      | Learned a level 3 spell: Mephitic Cloud
  4361 | D:6      | Reached skill level 1 in Conjurations
  4644 | D:5      | Reached XP level 8. HP: 62/62 MP: 14/14
  4645 | D:5      | Noticed Sigmund
  4659 | D:5      | Killed Sigmund
  5036 | D:5      | Noticed Edmund
  5313 | D:5      | Found a hazy altar of Hepliaklqana.
  6007 | D:5      | Killed Edmund
  6153 | D:6      | Found a shimmering altar of Xom.
  6390 | D:6      | Reached XP level 9. HP: 63/79 MP: 15/15
  6496 | D:7      | Reached skill level 5 in Fighting
  7305 | D:6      | Found a staircase to the Ecumenical Temple.
  7317 | Temple   | Entered the Ecumenical Temple
  7414 | Temple   | Became a worshipper of Kikubaaqudgha
  7525 | D:7      | Noticed Menkaure
  7538 | D:7      | Killed Menkaure
  7539 | D:7      | Reached skill level 5 in Stealth
  8220 | D:7      | Reached skill level 1 in Short Blades
  8624 | D:8      | Reached XP level 10. HP: 92/96 MP: 8/16
  8711 | D:7      | Found a transporter.
  8721 | D:7      | Noticed AstroCodex24's ghost (novice DgFi)
  8722 | D:7      | Noticed a moth of wrath
  8743 | D:7      | Noticed Joseph
  8770 | D:7      | Killed Joseph
  8978 | D:7      | Found Pauph's Antique Armour Shoppe.
  9073 | D:7      | Found a transporter.
  9420 | D:8      | Reached skill level 5 in Short Blades
  9518 | D:8      | Found Hurab's Assorted Antiques.
  9535 | D:8      | Bought a scroll labelled BODOQATOYLE for 27 gold pieces
  9535 | D:8      | Bought a scroll of enchant armour for 202 gold pieces
  9535 | D:8      | Bought a scroll of identify for 54 gold pieces
  9535 | D:8      | Bought a viscous white potion for 24 gold pieces
  9694 | D:8      | Reached * piety under Kikubaaqudgha
  9694 | D:8      | Received a gift from Kikubaaqudgha
  9703 | D:8      | Learned a level 4 spell: Animate Dead
 10286 | D:8      | Found a staircase to the Lair.
 10459 | D:8      | Reached skill level 5 in Spellcasting
 11044 | D:8      | Found a white marble altar of Elyvilon.
 11135 | D:9      | Found a large runed translucent door.
 11135 | D:9      | Found a large runed translucent door.
 11153 | D:9      | Noticed a manticore
 11156 | D:9      | Found a large runed translucent door.
 11156 | D:9      | Found a large runed translucent door.
 11210 | D:9      | Found Aciqiox's Fire Supplies.
 11252 | D:9      | Noticed a two-headed ogre
 11263 | D:9      | Killed a two-headed ogre
 11278 | D:9      | Reached XP level 11. HP: 68/103 MP: 8/19
 11299 | D:9      | Noticed a boulder beetle
 11315 | D:9      | Slain by a boulder beetle

Illustrated notes

Levels and vault maps discovered:
D:1:      dpeg_arrival_connections, layout_basic, minmay_misc_feat_chi,
          minivault_5
D:2:      layout_rooms, shapermc_ecumenical_altar_mp_vishouse
D:3:      layout_basic, mainiacjoe_overflow_chevrons
D:4:      layout_basic, nicolae_nh_ransacked_shop
D:5:      layout_loops_corners, nzn_hepliaklqana_mist_gate, uniq_edmund,
          uniq_sigmund
D:6:      layout_gridville, mainiacjoe_overflow_paths, temple_hall,
          kennysheep_cross_bottleneck, moated_statue, minmay_circle_x
D:7:      layout_gridville, gammafunk_ghost_berserking_beasts,
          chequers_ossuary_entry_cave, serial_shops, nicolae_take_the_stairs,
          uniq_joseph, uniq_menkaure
D:8:      layout_basic, nicolae_elyvilon_temple_path, hellmonk_lair_entry_icy,
          serial_shops, shop_fountains, kennysheep_potato
D:9:      layout_irregular_city, chequers_temple_overflow_statue_of_worship,
          david_orc_5, nicolae_shop_fire_sale [nicolae_sub_dead_trees],
          minmay_misc_feat_tower, minmay_hollow_rounded_squares
Temple:   eino_narrow_crystal_temple

Skill      XL: |  1  2  3  4  5  6  7  8  9 10 |
---------------+-------------------------------+-----
Poison Magic   | 5 6 8 |  8.7
Translocations | 1 2 3 4 |  4.0
Air Magic      | 1 2 3 4 |  4.0
Spellcasting   | 3 4 5 |  5.9
Conjurations   | 3 4 |  4.0
Dodging        | 4 |  4.0
Fighting       | 4 8 |  8.0
Stealth        | 7 8 |  8.0
Short Blades   | 2 6 |  6.0
Transmutations | |  1.0

Action                     |  1- 3 |  4- 6 |  7- 9 | 10-12 || total
---------------------------+-------+-------+-------+-------++-------
  Melee: Short sword       |    71 |    18 |       |       ||    89
         Dagger            |       |    25 |   180 |   114 ||   319
         Punch             |       |       |     1 |     2 ||     3
   Cast: Sting             |    65 |    23 |    72 |       ||   160
         Poisonous Vapours |       |     3 |    31 |    67 ||   101
         Mephitic Cloud    |       |       |     7 |     3 ||    10
    Use: Scroll            |     6 |     8 |     9 |     3 ||    26
         Potion            |       |     1 |     1 |     1 ||     3
   Stab: Sleeping          |     2 |     1 |     5 |     3 ||    11
         Distracted        |       |     1 |       |     1 ||     2
         Invisible         |       |     1 |       |       ||     1
         Confused          |       |       |     2 |     1 ||     3
 Armour: Robe              |    22 |     8 |   133 |     6 ||   169
         Steam dragon scal |       |       |       |    74 ||    74
  Dodge: Dodged            |    49 |    24 |   155 |   102 ||   330

Table legend: (Time is in decaauts)
 A = Elapsed time spent in this place.
 B = Non-inter-level travel time spent in this place.
 C = Inter-level travel time spent in this place.
 D = Time resting spent in this place.
 E = Time spent auto-exploring this place.
 F = Levels seen in this place.
 G = Mean time per level.
                   A        B        C        D        E       F      G
               +--------+--------+--------+--------+--------+-----+--------+
         Total |  13814 |  13176 |    638 |   1082 |   9420 |  10 | 1381.4 |
       Dungeon |  13670 |  13039 |    631 |   1082 |   9299 |   9 | 1518.9 |
        Temple |    144 |    137 |      7 |      0 |    120 |   1 |  144.0 |
               +--------+--------+--------+--------+--------+-----+--------+

Top non-repeatable levels by time:
     D:5: 2502 daAuts
     D:7: 2296 daAuts
     D:6: 1905 daAuts
     D:1: 1854 daAuts
     D:8: 1690 daAuts
     D:4: 1345 daAuts
     D:3: 1217 daAuts
     D:2: 627 daAuts
     D:9: 228 daAuts
  Temple: 144 daAuts
